 Dungeon Crawl Stone Soup version 0.30.0-20-g3615ddf2f0 (webtiles) character file.

Game seed: 15571617296530294702

33 qw the Chopper (level 3, -2/23 HPs)
             Began as a Gargoyle Fighter on May 29, 2023.
             Constricted to death by Sigmund (4 damage)
             ... on level 2 of the Dungeon.
             The game lasted 00:00:33 (1181 turns).

qw the Chopper (Gargoyle Fighter)                   Turns: 1181, Time: 00:00:34

Health: -2/23      AC: 10    Str: 21    XL:     3   Next: 29%
Magic:  3/3        EV:  6    Int:  8    God:
Gold:   43         SH:  4    Dex:  9    Spells: 2/2 levels left

rFire   . . .        Y - +0 war axe
rCold   . . .        c - +0 buckler
rNeg    + . .        b - +0 scale mail
rPois   inf          (no helmet)
rElec   +            (no cloak)
rCorr   .            (no gloves)
SInv    .            (no boots)
Will    .....        (no amulet) Stlth
                     (no ring)
HPRegen 0.23/turn    (no ring)
MPRegen 0.08/turn

%: no passive effects
@: grasped by roots, constricted
A: sickness immunity, AC +3, negative energy resistance 1, electricity
resistance, torment resistance 1, petrification resistance
a: no special abilities


You were on level 2 of the Dungeon.
You visited 1 branch of the dungeon, and saw 2 of its levels.

You collected 43 gold pieces.


Innate Abilities, Weirdness & Mutations

You are immune to sickness and miasma.
Your stone body is resilient. (AC +3)
You are immune to poison.
You resist negative energy. (rN+)
You are resistant to electric shocks. (rElec)
You are resistant to unholy torment.
You are immune to petrification.


   Skills:
 - Level 3.2 Fighting
 + Level 3.3 Axes
 - Level 3.2 Armour
 - Level 3.2 Shields


You had 2 spell levels left.
You didn't know any spells.
Your spell library was empty.

Inventory:

Hand Weapons
 e - a +0 club
 Y - a +0 war axe (weapon)
Armour
 a - a +0 pair of boots
 b - a +0 scale mail (worn)
 c - a +0 buckler (worn)
Potions
 d - a potion of might
 g - a potion of curing {unknown}

Dungeon Overview and Level Annotations

Branches:
Dungeon (2/15)

Altars:

Annotations:
D:2 Sigmund


Message History

Found a stone staircase leading down.
The dart slug launches a dart at you.
The slug dart hits you but does no damage.
Sigmund and an endoplasm come into view.
Sigmund is wielding a +0 scythe and carrying a wand of roots (5).
The endoplasm quivers.
The dart slug launches a dart at you. The slug dart hits you.
Sigmund zaps a wand.
The roots erupt in riotous growth!
The grasping roots grab you! The grasping roots constrict you.
The roots grasp on you weakens, but your attempt to escape fails.
The grasping roots constrict you.
The grasping roots release their grip on you.
The dart slug launches a dart at you. The slug dart hits you.
You slash the endoplasm!
You kill the endoplasm!
The dart slug launches a dart at you. The slug dart misses you.
Sigmund hits you but does no damage. The dart slug launches a dart at you.
The slug dart hits you. Sigmund hits you but does no damage.
You closely miss Sigmund.
Sigmund zaps a wand.
The roots erupt in riotous growth!
The grasping roots grab you!
Sigmund is unaffected.
The dart slug is unaffected.
The grasping roots constrict you.
You hit Sigmund.
Sigmund is lightly wounded.
You slash the dart slug!
Sigmund mumbles some strange words.
Sigmund flickers and vanishes!
Deactivating autopickup; reactivate with Ctrl-A.
You are constricted.
The dart slug bites you but does no damage.
You hit the dart slug.
You kill the dart slug!
You hit something but do no damage. Something hits you!
You are constricted.
You die...

.. #. .# .##.#.#
######## .....###
.......# #......#
.......# #......#
.......# #....>.####
.......# #..{.......
.......# #..@....#
.......#######.......#
.......'.............#
.......###....####.#.#
.......# #....# .# #
#'###### #....# .#
#.## #....# # ...#
#....# ...# #....#


There were no monsters in sight!

Vanquished Creatures
  2 dart slugs
  3 bats (D:1)
  4 endoplasms
  4 giant cockroaches (D:1)
  2 goblins (D:1)
  A hobgoblin (D:1)
  3 kobolds (D:1)
  2 quokkas (D:1)
  2 ball pythons
  2 frilled lizards (D:1)
  3 rats
28 creatures vanquished.

Notes
Turn   | Place    | Note
-------+----------+-------------------------------------------
     0 | D:1      | qw the Gargoyle Fighter began the quest for the Orb.
     0 | D:1      | Reached XP level 1. HP: 14/14 MP: 1/1
     0 | D:1      | 0 ||| qw: Version: 0.2-a-101-gf424e7f
     0 | D:1      | 0 ||| qw: Game counter: 333
     0 | D:1      | 0 ||| qw: Always use a shield: true
     0 | D:1      | 0 ||| qw: God list: Okawaru
     0 | D:1      | 0 ||| qw: Allow faded altars: false
     0 | D:1      | 0 ||| qw: Do Orc after D:15 true
     0 | D:1      | 0 ||| qw: Do second Lair branch before Depths: true
     0 | D:1      | 0 ||| qw: Lair rune preference: random
     0 | D:1      | 0 ||| qw: Plans: Normal, Zot:1-4, Slime:5, God:TSO, Crypt,
                  | Tomb, Pan, Hells, Abyss, Win
     0 | D:1      | 0 ||| PLANNING D:1-11
   174 | D:1      | Reached XP level 2. HP: 18/19 MP: 2/2
   195 | D:1      | 195 ||| Stepping ~*~*~tactically~*~*~ (stealth).
   472 | D:1      | Reached skill level 3 in Axes
   522 | D:1      | 522 ||| Stepping ~*~*~tactically~*~*~ (hiding).
   531 | D:1      | Reached XP level 3. HP: 23/23 MP: 3/3
  1025 | D:1      | 1025 ||| READING scroll labelled ETSATW BIAKHE.
  1172 | D:2      | Noticed Sigmund
  1181 | D:2      | HP: 2/23 [something (8)]
  1181 | D:2      | Constricted to death by Sigmund

Levels and vault maps discovered:
D:1:      dpeg_arrival_shelter, layout_basic
D:2:      layout_basic, uniq_sigmund

Skill      XL: |  1  2 |
---------------+-------+-----
Axes           | 2 3 |  3.3
Fighting       | |  3.2
Armour         | |  3.2
Shields        | |  3.2

Action                     || total
---------------------------++-------
  Melee: War axe           ||    88
    Use: Scroll            ||     1
   Stab: Distracted        ||     1
 Armour: Scale mail        ||    58
  Dodge: Dodged            ||    40
  Block: Buckler           ||    11

Table legend:
 A = Non-vault XP
 B = Vault XP
 C = Vault XP percentage of total XP
 D = Non-vault monster count
 E = Vault monster count
 F = Vault count percentage of total count
                 A         B        C        D         E       F
            +---------+---------+-------+---------+---------+-------
      Total |      52 |       0 |   0.0 |      28 |       0 |   0.0
            +---------+---------+-------+---------+---------+-------
        D:1 |      43 |       0 |   0.0 |      24 |       0 |   0.0
        D:2 |       9 |       0 |   0.0 |       4 |       0 |   0.0
            +---------+---------+-------+---------+---------+-------
